 Dungeon Crawl Stone Soup version 0.27.0-65-ge2af304b15 (webtiles) character file.

Game seed: 4752331129385300941

11762 RepoMan the Cleaver (level 11, -2/159 HPs)
             Began as a Naga Berserker on Aug 19, 2021.
             Was an Elder of Trog.
             Slain by a tengu warrior (6 damage)
             ... on level 9 of the Dungeon.
             The game lasted 00:57:14 (8702 turns).

RepoMan the Cleaver (Naga Berserker)                Turns: 8702, Time: 00:57:14

Health: -2/159     AC: 22    Str: 29    XL:     11   Next: 82%
Magic:  11/11      EV: 11    Int:  8    God:    Trog [****..]
Gold:   512        SH:  0    Dex: 14    Spells: 10/10 levels left

rFire    . . .     SeeInvis +   z - +3 trident (freeze)
rCold    . . .     Faith    .   (no shield)
rNeg     + . .     Spirit   .   p - +8 chain mail "Laanit" {rN+ Dex+4}
rPois    +         Reflect  .   k - +2 helmet
rElec    .         Harm     .   (no cloak)
rCorr    .         Rampage  .   i - +0 pair of gloves
Will     +....                  (no barding)
Stlth    ..........             (no amulet)
HPRegen  0.36/turn              B - +6 ring of strength
MPRegen  0.12/turn              l - +4 ring of evasion

@: berserking, lethally poisoned (-2 -> -7), quick
A: AC +3, large, see invisible, deformed body, poison resistance, slowness 2,
spit poison 1, naga tail 1
a: Spit Poison, Renounce Religion, Berserk, Trog's Hand, Brothers in Arms


You were on level 9 of the Dungeon.
You worshipped Trog.
Trog was greatly pleased with you.
You visited 2 branches of the dungeon, and saw 10 of its levels.

You collected 512 gold pieces.

Inventory:

Hand Weapons
 z - a +3 trident of freezing (weapon)
 C - a +0 war axe
Missiles
 s - a throwing net
Armour
 a - a +0 buckler
 c - +0 acid dragon scales
 e - the +13 chain mail of Beogh {rPois MP+9}
   (You found it on level 8 of the Dungeon)

   rPois:     It protects you from poison.
   MP:        It affects your magic capacity (+9).
 i - a +0 pair of gloves (worn)
 k - a +2 helmet (worn)
 p - the +8 chain mail "Laanit" (worn) {rN+ Dex+4}
   (You found it on level 4 of the Dungeon)

   Dex:       It affects your dexterity (+4).
   rN:        It protects you from negative energy.
Jewellery
 l - a +4 ring of evasion (right hand)
 B - a +6 ring of strength (left hand)
Wands
 m - a wand of flame (22)
Scrolls
 b - 2 scrolls of enchant armour
 d - 2 scrolls of teleportation {unknown}
 h - a scroll of brand weapon {unknown}
 j - a scroll of acquirement {unknown}
 n - 2 scrolls of vulnerability
 v - a scroll of noise {unknown}
 x - a scroll of fear {unknown}
 y - a scroll of identify
 A - a scroll of enchant weapon {unknown}
Potions
 f - 2 potions of flight
 g - a potion of invisibility {unknown}
 q - a potion of cancellation
 r - a potion of lignification
 u - 2 potions of ambrosia
 w - a potion of resistance


   Skills:
 + Level 9.5 Fighting
 * Level 14.6 Axes
 - Level 5.2 Armour
 - Level 1.5 Dodging


You had 10 spell levels left.
You didn't know any spells.
Your spell library was empty.

Dungeon Overview and Level Annotations

Branches:
Dungeon (9/15)             Temple (1/1) D:6            Lair (0/6) D:8
    Orc: D:9-12

Altars:
Cheibriados
Kikubaaqudgha
Makhleb
Nemelex Xobeh
Okawaru
Ru
Vehumet
Wu Jian
Xom
The Shining One


Innate Abilities, Weirdness & Mutations

Your serpentine skin is tough. (AC +3)
You have supernaturally acute eyesight. (SInv)
Armour fits poorly on your strangely shaped body.
Your system is resistant to poisons. (rPois)
You cover ground very slowly.
You can spit poison.
You have a snake-like lower body.


Message History

You kill the manticore!
Trog accepts your kill.
Unknown command.
Okay, then.
Your skin stops crawling.
You feel less strong-willed.
Reach: z) +3 trident (freeze)
Press: ? - help, Dir - move target, f - tengu warrior
Aim: a tengu warrior, wielding the +9 quarterstaff "Widaupib" {venom, Dex+3}, wearing a +0 ring mail and wearing a ring of protection from cold (about 50% to evade your +3 trident of freezing)
You reach to attack!
You puncture the tengu warrior! You freeze the tengu warrior.
The tengu warrior is moderately wounded.
Reach: z) +3 trident (freeze)
Press: ? - help, Dir - move target, f/p - tengu warrior
Aim: a tengu warrior, wielding the +9 quarterstaff "Widaupib" {venom, Dex+3}, wearing a +0 ring mail and wearing a ring of protection from cold (moderately wounded, about 50% to evade your +3 trident of freezing)
Okay, then.
You barely miss the tengu warrior.
The tengu warrior is moderately wounded.
The tengu warrior hits you with the +9 quarterstaff "Widaupib" {venom, Dex+3}!
* * * LOW HITPOINT WARNING * * *
You are poisoned.
The tengu warrior pecks you but does no damage.
The tengu warrior claws you but does no damage.
You hit the tengu warrior. You freeze the tengu warrior.
The tengu warrior is heavily wounded.
You feel less wooden.
Your +2 helmet unmelds from your body.
Your +0 pair of gloves unmelds from your body.
The +8 chain mail "Laanit" {rN+ Dex+4} unmelds from your body.
* * * LOW HITPOINT WARNING * * *
You feel sick.
Unknown command.
Okay, then.
Unknown command.
Unknown command.
You puncture the tengu warrior! You freeze the tengu warrior.
The tengu warrior is severely wounded.
* * * LOW HITPOINT WARNING * * *
You feel sick.
The tengu warrior hits you with the +9 quarterstaff "Widaupib" {venom, Dex+3}.
You die...

#.##...#######
####.###.######
..............#
#########.#####.#
..##.##......#
..#.#...#####
#.#.#..##..##
#.#.##)#....#
#)@).##)#
#Q#....#.#
#.##..##..# ..
#### ..# ..# .##
### ##


You could see a tengu warrior.

Vanquished Creatures
  Erolcha (D:9)
  A hydra (D:9)
  A centaur warrior (D:9)
  The ghost of Thargor the Fighter, a novice MiFi of Gozag (D:8)
  The ghost of Lakmaran the Reanimator, a novice DsNe (D:7)
  Pikel (D:7)
  An obsidian statue (D:8)
  A deep elf pyromancer (D:9)
  2 manticores (D:9)
  A kobold demonologist (D:9)
  Psyche (D:9)
  A komodo dragon (D:7)
  3 trolls
  Prince Ribbit (D:7)
  Grinder (D:6)
  A slime creature (D:9)
  A shadow (D:7)
  A wraith (D:9)
  2 wyverns
  A basilisk (D:9)
  Menkaure (D:6)
  An acid dragon (D:9)
  4 water moccasins
  2 ice beasts
  A black bear (D:7)
  Duvessa (D:6)
  2 orc warriors
  3 sky beasts
  A necrophage (D:5)
  2 centaurs (D:8)
  2 ogres
  2 phantoms
  4 lemures (D:7)
  A scorpion (D:3)
  2 gnoll sergeants (D:8)
  A bullfrog (D:7)
  Dowan (D:6)
  A wyvern skeleton (D:7)
  12 wights
  An electric eel (D:8)
  2 howler monkeys (D:9)
  2 bullfrog zombies (D:6)
  2 centaur zombies
  6 hounds
  3 centaur skeletons
  3 jellies
  A bullfrog skeleton (D:7)
  3 iguanas
  A gnoll shaman (D:7)
  Jessica (D:2)
  5 orc wizards
  A howler monkey zombie (D:6)
  Robin (D:2)
  10 gnolls
  12 adders
  A howler monkey skeleton (D:6)
  A shadow imp (D:7)
  A white imp (D:6)
  An ufetubus (D:6)
  An adder zombie (D:4)
  2 worms
  An adder skeleton (D:4)
  A dart slug (D:1)
  17 orcs
  10 ball pythons
  6 bats
  11 endoplasms
  4 giant cockroaches
  15 goblins
  7 hobgoblins
  5 jackals
  7 quokkas
  3 frilled lizards
  2 kobolds (D:2)
  A quokka skeleton (D:2)
  5 rats
224 creatures vanquished.

Vanquished Creatures (collateral kills)
  A centaur zombie (D:9)
1 creature vanquished.

Vanquished Creatures (others)
  A fungus (D:8)
1 creature vanquished.

Grand Total: 226 creatures vanquished

Notes
Turn   | Place    | Note
-------+----------+-------------------------------------------
     0 | D:1      | RepoMan the Naga Berserker began the quest for the Orb.
     0 | D:1      | Reached XP level 1. HP: 21/21 MP: 1/1
   149 | D:1      | Reached XP level 2. HP: 26/28 MP: 2/2
   947 | D:1      | Reached XP level 3. HP: 34/34 MP: 3/3
  1407 | D:2      | Noticed Jessica
  1409 | D:2      | Killed Jessica
  1410 | D:2      | Reached skill level 4 in Axes
  1410 | D:2      | Reached XP level 4. HP: 43/43 MP: 4/4
  1465 | D:2      | Noticed Robin
  1478 | D:2      | Killed Robin
  1734 | D:2      | Reached ** piety under Trog
  1951 | D:2      | Reached XP level 5. HP: 50/50 MP: 5/5
  2317 | D:3      | Reached skill level 5 in Axes
  2543 | D:3      | Found a radiant altar of Vehumet.
  2787 | D:4      | Identified the +8 chain mail "Laanit" {rN+ Dex+4}
  2823 | D:4      | Noticed a phantom
  2837 | D:4      | Reached XP level 6. HP: 57/57 MP: 6/6
  2847 | D:4      | Reached skill level 6 in Axes
  2880 | D:4      | Reached *** piety under Trog
  3260 | D:4      | Reached XP level 7. HP: 58/64 MP: 7/7
  3623 | D:4      | Reached skill level 7 in Axes
  3740 | D:5      | Entered Level 5 of the Dungeon
  4492 | D:5      | Reached XP level 8. HP: 72/72 MP: 8/8
  4734 | D:6      | Reached skill level 8 in Axes
  4860 | D:6      | Found a staircase to the Ecumenical Temple.
  4871 | Temple   | Entered the Ecumenical Temple
  4948 | D:6      | Noticed Grinder
  4951 | D:6      | Paralysed by Grinder for 3 turns
  4964 | D:6      | Killed Grinder
  5075 | D:6      | Noticed Dowan
  5075 | D:6      | Noticed Menkaure
  5075 | D:6      | Noticed Duvessa
  5081 | D:6      | Killed Menkaure
  5082 | D:6      | Reached skill level 9 in Axes
  5089 | D:6      | Killed Duvessa
  5090 | D:6      | Killed Dowan
  5130 | D:6      | Reached **** piety under Trog
  5177 | D:6      | Reached XP level 9. HP: 78/78 MP: 9/9
  5275 | D:6      | Reached skill level 5 in Armour
  5460 | D:6      | Reached skill level 10 in Axes
  5598 | D:6      | Found a glowing golden altar of the Shining One.
  6153 | D:7      | Found a shimmering altar of Xom.
  6153 | D:7      | Found a sparkling altar of Nemelex Xobeh.
  6190 | D:7      | Noticed Pikel
  6206 | D:7      | Killed Pikel
  6207 | D:7      | Reached skill level 5 in Fighting
  6358 | D:7      | Found a transporter.
  6361 | D:7      | Found a transporter.
  6361 | D:7      | Noticed Lakmaran's ghost (novice DsNe)
  6363 | D:7      | Noticed a komodo dragon
  6401 | D:7      | Noticed Prince Ribbit
  6414 | D:7      | Killed Prince Ribbit
  6415 | D:7      | Reached skill level 11 in Axes
  6608 | D:7      | Reached XP level 10. HP: 91/91 MP: 10/10
  7020 | D:7      | Killed Lakmaran's ghost
  7021 | D:7      | Reached skill level 12 in Axes
  7077 | D:8      | Found a runed translucent door.
  7077 | D:8      | Noticed Thargor's ghost (novice MiFi)
  7584 | D:8      | Reached ***** piety under Trog
  7602 | D:8      | Identified the +13 chain mail of Beogh {rPois MP+9}
  7838 | D:8      | Noticed an obsidian statue
  7895 | D:8      | Noticed an orange demon
  7913 | D:8      | Noticed an orange demon
  7917 | D:8      | Identified the +6 chain mail of the Blessed Realm {rPois}
  7923 | D:8      | Killed an obsidian statue
  7924 | D:8      | Reached skill level 13 in Axes
  8017 | D:8      | Found an iron altar of Okawaru.
  8017 | D:8      | Found a sacrificial altar of Ru.
  8098 | D:8      | Found a staircase to the Lair.
  8304 | D:8      | Killed Thargor's ghost
  8305 | D:8      | Reached XP level 11. HP: 102/103 MP: 11/11
  8345 | D:9      | Noticed a manticore
  8347 | D:9      | Noticed a deep elf pyromancer
  8350 | D:9      | Noticed Erolcha
  8359 | D:9      | Killed a manticore
  8372 | D:9      | Killed a deep elf pyromancer
  8379 | D:9      | Killed Erolcha
  8629 | D:9      | Noticed a centaur warrior
  8638 | D:9      | Reached skill level 14 in Axes
  8638 | D:9      | Noticed Psyche
  8639 | D:9      | Noticed a six-headed hydra
  8640 | D:9      | Killed Psyche
  8644 | D:9      | Killed a centaur warrior
  8660 | D:9      | Killed a six-headed hydra
  8677 | D:9      | Noticed a manticore
  8688 | D:9      | HP: 7/159 [manticore (9)]
  8696 | D:9      | Identified the +9 quarterstaff "Widaupib" {venom, Dex+3}
  8696 | D:9      | Noticed a tengu warrior
  8697 | D:9      | Killed a manticore
  8700 | D:9      | HP: 10/238 [tengu warrior (15)]
  8702 | D:9      | HP: 4/159 [poisoned by a tengu warrior]
  8702 | D:9      | Slain by a tengu warrior

Illustrated notes

Levels and vault maps discovered:
D:1:      lemuel_arrival_funnel, layout_basic, grunt_decor_resistance,
          minmay_misc_feat_secret_circle, kennysheep_pointless_box
D:2:      layout_basic, uniq_jessica, uniq_robin
D:3:      layout_rooms, mainiacjoe_overflow_brackets
D:4:      minmay_bubble_buster, layout_rooms, minmay_snake_closets
D:5:      layout_layer_cave
D:6:      layout_basic, mainiacjoe_overflow_small_starburst,
          minmay_temple_entry_trees, uniq_duvessa, uniq_menkaure, uniq_grinder
D:7:      layout_cave_pools, chequers_temple_overflow_statue_of_worship,
          gammafunk_ghost_arena, uniq_pikel, uniq_prince_ribbit1
D:8:      minmay_statue_hallways, layout_basic, jmf_multi_god_temple,
          dpeg_oklobed_lair, serial_glass, glass_columns_c, glass_columns_c,
          hellmonk_ghost_happy_afterlife, minivault_4
D:9:      minmay_the_grid_4x2 [minmay_the_grid_box_x, minmay_the_grid_rooms,
          minmay_the_grid_gridbox, minmay_the_grid_fan,
          minmay_the_grid_all_tris, minmay_the_grid_outer_diamond,
          minmay_the_grid_spin_star, minmay_the_grid_prize_inner_circle],
          layout_loops_corners, nrook_campfire, minmay_radiant, uniq_erolcha,
          uniq_psyche
Temple:   eino_temple_rhombus

Skill      XL: |  1  2  3  4  5  6  7  8  9 10 11 |
---------------+----------------------------------+-----
Axes           | 4 5 6 7 9 11 13 14 | 14.6
Fighting       | 4 6 8 9 |  9.5
Armour         | 2 3 4 5 |  5.2
Dodging        | |  1.5

Action                   |  1- 3 |  4- 6 |  7- 9 | 10-12 || total
-------------------------+-------+-------+-------+-------++-------
Melee: Hand axe          |    32 |   153 |   201 |       ||   386
       War axe           |       |       |    75 |   214 ||   289
       Trident           |       |       |       |    44 ||    44
Invok: Berserk           |       |     3 |     8 |    10 ||    21
       Trog's Hand       |       |       |       |     4 ||     4
       Brothers in Arms  |       |       |       |     1 ||     1
 Abil: Spit Poison       |    28 |    51 |    42 |    28 ||   149
Evoke: Wand              |       |       |     2 |     5 ||     7
  Use: Scroll            |       |       |       |    12 ||    12
       Potion            |       |       |       |     9 ||     9
Armor: Leather armour    |     5 |    46 |       |       ||    51
       Chain mail        |       |    46 |   185 |   175 ||   406
       Skin              |       |       |       |    58 ||    58
Dodge: Dodged            |    12 |    54 |    79 |    91 ||   236
